 Dungeon Crawl Stone Soup version 0.30-a0-50-gb2d611f6b1 (webtiles) character file.

Game seed: 4222991663848669474

12 greatdavidd the Cudgeller (level 2, -14/27 HPs)
             Began as a Meteoran Cinder Acolyte on Sept 4, 2022.
             Was a High Priest of Ignis.
             Demolished by a kobold
             ... wielding a +0 whip of electrocution
              (17 damage)
             ... on level 1 of the Dungeon.
             The game lasted 00:01:29 (282 turns).

greatdavidd the Cudgeller (Meteoran Cinder Acolyte)  Turns: 282, Time: 00:01:30

Health: -14/27     AC:  2    Str: 15    XL:     2   Next: 64%
Magic:  5/5        EV: 11    Int: 15    God:    Ignis [*****.]
Gold:   16         SH:  0    Dex:  9    Spells: 3/3 levels left

rFire   + . .      SeeInvis .    a - -1 mace (flame)
rCold   . . .      Faith    .    (no shield)
rNeg    . . .      Spirit   .    b - +0 robe
rPois   .          Reflect  .    (no helmet)
rElec   .          Harm     .    (no cloak)
rCorr   .          Rampage  .    (no gloves)
Will    .....                    (no boots)
Stlth   +.........               (no amulet)
HPRegen 0.09/turn                (no ring)
MPRegen 0.09/turn                (no ring)

@: glowing
A: sense surroundings 1, otherworldly, glowing, explore regen
a: Renounce Religion, Fiery Armour, Foxfire Swarm, Rising Flame


You were on level 1 of the Dungeon.
You worshipped Ignis.
Ignis was extremely pleased with you.
You visited 1 branch of the dungeon, and saw 1 of its levels.

You collected 16 gold pieces.

Inventory:

Hand Weapons
 a - a -1 mace of flaming (weapon)
Armour
 b - a +0 robe (worn)
Scrolls
 d - a scroll of vulnerability {unknown}
Potions
 c - a potion of degeneration {unknown}


   Skills:
 + Level 3.9 Fighting
 + Level 4.1 Maces & Flails
 + Level 1.3 Spellcasting
 + Level 3.7 Fire Magic


You had 3 spell levels left.
You didn't know any spells.
Your spell library contained the following spells:

 Spells                   Type           Power      Damage    Failure   Level
 Scorch                   Fire           24%        2d6       8%          2


Dungeon Overview and Level Annotations

Branches:
Dungeon (1/15) Zot: 313

Altars:


Innate Abilities, Weirdness & Mutations

You passively map a small area around you.
You are easily found by Zot.
You glow in the dark.
You regain HP and MP as you explore.


Message History

You now have 16 gold pieces (gained 10).
You open the door. You open the door.
There is an open door here.
d - a scroll labelled BOILUAJIES
Found a hand axe.
Found a leather armour.
A quokka comes into view.
Found a green potion.
A kobold comes into view.
It is wielding a +0 whip of electrocution.
The kobold shouts!
You closely miss the quokka. The quokka bites you.
A ball python comes into view.
You hit the quokka. You burn the quokka.
The quokka is almost dead.
The quokka bites you. The quokka closely misses you.
You barely miss the quokka.
The quokka is almost dead.
The quokka closely misses you.
The kobold hits you with a +0 whip of electrocution.
You are electrocuted!
Ouch! That really hurt!
* * * LOW HITPOINT WARNING * * *
The kobold attacks as you move away! The kobold hits you but does no damage.
The quokka attacks as you move away! The quokka bites you.
* * * LOW HITPOINT WARNING * * *
A goblin comes into view. It is wielding a +0 club.
The quokka closely misses you. The kobold attacks as you move away!
The kobold closely misses you. The quokka attacks as you move away!
The quokka barely misses you. The quokka attacks as you move away!
The quokka bites you but does no damage.
The kobold attacks as you move away! The kobold barely misses you.
The quokka closely misses you. The kobold attacks as you move away!
The kobold hits you with a +0 whip of electrocution.
* * * LOW HITPOINT WARNING * * *
You are electrocuted!
Ouch! That really hurt!
You die...

#.#, #>....................#..
###.#, #.###.#..#....#.#........
..#.# #.....#............†.....
..#.#
###.###.##.####.#.#........
....#
#.......##......#..........
..###
###..##>######....##..#.##.
..#######.....# #.##.##..... .
..........)##.######.##.##..#.##
.).....†........@KS.........#.#
..####.######.####r...........##
..# #.# ,# #.#.##.#.......# ..#
#.# #.####r#.##.#.....#.# ###
*#.#* *#.......S.........#.# ...
, ...................... , ..#
#######.#....##..).... ** #.#
#..............# *
#.##............


You could see a quokka, a ball python and a kobold.

Vanquished Creatures
  2 dart slugs (D:1)
  A giant cockroach (D:1)
  2 goblins (D:1)
  A hobgoblin (D:1)
  A kobold (D:1)
7 creatures vanquished.

Notes
Turn   | Place    | Note
-------+----------+-------------------------------------------
     0 | D:1      | greatdavidd the Meteoran Cinder Acolyte began the quest for
                  | the Orb.
     0 | D:1      | Reached XP level 1. HP: 19/19 MP: 3/3
    64 | D:1      | Reached XP level 2. HP: 25/27 MP: 5/5
   282 | D:1      | Demolished by a kobold

Illustrated notes

Levels and vault maps discovered:
D:1:      wheals_arrival_linesprint, layout_basic, nrook_mini_backslash

Action                   || total
-------------------------++-------
Melee: Mace              ||    21
Armor: Robe              ||     5
Dodge: Dodged            ||    15

Table legend: (Time is in decaauts)
 A = Elapsed time spent in this place.
 B = Non-inter-level travel time spent in this place.
 C = Inter-level travel time spent in this place.
 D = Time resting spent in this place.
 E = Time spent auto-exploring this place.
 F = Levels seen in this place.
 G = Mean time per level.
                   A        B        C        D        E       F      G
               +--------+--------+--------+--------+--------+-----+--------+
         Total |    286 |    286 |      0 |      0 |    210 |   1 |  286.0 |
       Dungeon |    286 |    286 |      0 |      0 |    210 |   1 |  286.0 |
               +--------+--------+--------+--------+--------+-----+--------+

Top non-repeatable levels by time:
     D:1: 286 daAuts
